AoeStats
← SUNNYCHAN

Fortress

510100170Analyzed
4v4 RM · 4d ago on Sep 29, 2026· 35m 18s· 8 players
Game mode
Random Map
Map size
Huge
Population
200
Speed
Normal
Resources
Standard
Victory
Conquest
Starting age
Dark Age
Ending age
Imperial Age
RankedLock teamsTeams togetherTeam positionsShared explorationLock speedFull tech treeHidden civsTurbo modeCheats
Victory
Defeat
🇭🇰 Saxons · Hong Kong SAR China
1143
+17
🇹🇼 Magyars · Taiwan
1124
+17
🇨🇳 Huns · China
1117
+18
🇨🇳 Persians · China
1099
+18
🇳🇱 Turks · Netherlands
1179
-18
🇧🇪 Wei · Belgium
1167
-18
🇪🇸 Wu · Spain
1154
-18
🇹🇼 Cumans · Taiwan
1108
-16
SUNNYCHAN
8:01 Feudal Age
11:28 Castle Age
9:21 Double-Bit Axe
9:34 Horse Collar
12:52 Wheelbarrow
12:33 Bow Saw
16:44 Loom
21:00 Stone Mining
22:55 Town Watch
23:11 Guard Tower
23:40 Fortified Wall
24:24 Gold Mining
28:10 Imperial Age
26:31 Gold Shaft Mining
26:27 Forging
26:17 Scale Mail Armor
26:56 Hand Cart
27:43 Iron Casting
26:31 Pikeman
27:11 Squires
26:57 Gambesons
27:14 Arson
28:30 Chain Mail Armor
28:12 Halberdier
30:05 Two-Man Saw
30:27 Plate Mail Armor
29:30 Shield Wall
32:02 Padded Archer Armor
31:52 Fletching
33:53 Conscription
33:00 Elite Hearth Troop
34:01 Conscription
34:28 Leather Archer Armor
34:09 Bodkin Arrow
lancer
2:21 Loom
9:17 Feudal Age
12:47 Castle Age
10:40 Double-Bit Axe
10:38 Horse Collar
12:46 Wheelbarrow
12:14 Gold Mining
16:26 Stone Mining
25:35 Imperial Age
24:46 Gold Shaft Mining
24:16 Heavy Plow
24:28 Bow Saw
25:11 Stone Shaft Mining
25:15 Forging
25:11 Scale Barding Armor
25:51 Elite War Elephant
26:52 Conscription
27:43 Hand Cart
27:14 Town Watch
28:04 Crop Rotation
28:38 Two-Man Saw
28:37 Chain Barding Armor
28:53 Iron Casting
29:22 Bloodlines
29:12 Husbandry
29:43 Citadels
30:59 Plate Barding Armor
31:33 Blast Furnace
31:48 Town Patrol
31:44 Fletching
33:09 Padded Archer Armor
MessiahOVO
8:22 Feudal Age
11:20 Loom
14:59 Castle Age
12:59 Double-Bit Axe
13:13 Horse Collar
14:43 Fletching
16:55 Bloodlines
17:50 Husbandry
20:13 Ballistics
20:14 Padded Archer Armor
21:51 Bodkin Arrow
23:27 Scale Barding Armor
23:50 Masonry
24:52 Thumb Ring
29:57 Murder Holes
33:18 Imperial Age
31:49 Chain Barding Armor
31:33 Gold Mining
32:14 Leather Archer Armor
35:04 Chemistry
34:45 Hoardings
34:55 Parthian Tactics
HatredCavalry
7:42 Feudal Age
12:00 Castle Age
10:22 Double-Bit Axe
10:25 Horse Collar
13:20 Loom
15:09 Bow Saw
15:32 Heavy Plow
16:39 Wheelbarrow
16:12 Town Watch
20:02 Hand Cart
20:07 Gold Mining
24:57 Imperial Age
23:07 Scale Barding Armor
23:12 Forging
23:13 Marauders
23:49 Forging
25:05 Chain Barding Armor
25:20 Iron Casting
25:16 Bloodlines
25:07 Husbandry
26:45 Plate Barding Armor
27:41 Two-Man Saw
29:06 Blast Furnace
28:43 Elite Tarkan
30:19 Conscription
Mameluco adbuser
0:28 Loom
8:35 Feudal Age
9:40 Horse Collar
12:42 Castle Age
11:05 Double-Bit Axe
13:51 Fletching
14:50 Bow Saw
18:07 Town Watch
21:59 Wheelbarrow
24:29 Bodkin Arrow
25:43 Ballistics
26:07 Red Cliffs Tactics
29:08 Hand Cart
31:35 Imperial Age
29:35 Padded Archer Armor
29:33 Pikeman
30:14 Squires
29:59 Arson
31:06 Gold Mining
32:18 Bracer
33:08 Conscription
33:51 Two-Man Saw
32:42 Halberdier
33:24 Scale Mail Armor
33:34 Forging
34:24 Chain Mail Armor
Heretic Prophet
8:03 Feudal Age
8:32 Double-Bit Axe
8:38 Horse Collar
9:37 Wheelbarrow
10:12 Gold Mining
15:01 Castle Age
13:03 Stone Mining
16:09 Bow Saw
16:03 Heavy Plow
16:45 Gold Shaft Mining
18:59 Loom
22:49 Stone Shaft Mining
23:11 Tuntian
24:08 Hand Cart
25:04 Scale Barding Armor
26:27 Bloodlines
26:18 Husbandry
29:17 Imperial Age
27:11 Chain Barding Armor
27:01 Forging
30:52 Ming Guang Armor
31:11 Iron Casting
30:49 Masonry
32:12 Hoardings
32:24 Heavy Hei Guang Cavalry
bearwilson2001
4:31 Loom
6:53 Feudal Age
7:34 Double-Bit Axe
9:06 Horse Collar
15:54 Castle Age
15:10 Wheelbarrow
16:00 Gold Mining
17:28 Bow Saw
17:24 Heavy Plow
20:09 Hand Cart
24:46 Imperial Age
22:46 Stone Mining
23:07 Fletching
24:04 Ballistics
24:31 Bloodlines
24:26 Bodkin Arrow
25:50 Padded Archer Armor
26:18 Conscription
26:39 Parthian Tactics
26:21 Thumb Ring
27:47 Chemistry
28:33 Two-Man Saw
28:38 Leather Archer Armor
29:15 Elite Kipchak
30:47 Ring Archer Armor
32:24 Crop Rotation
33:23 Murder Holes
33:43 Masonry
33:38 Scale Mail Armor
33:51 Forging
KingHeeze
8:38 Feudal Age
13:07 Castle Age
11:32 Double-Bit Axe
17:17 Imperial Age
15:06 Gold Mining
16:30 Padded Archer Armor
17:24 Horse Collar
19:13 Loom
21:59 Leather Archer Armor
25:51 Squires
25:48 Arson
26:44 Ballistics
31:13 Elite Janissary
Connection lost

Rejoining the realm…

Still unreachable

The connection could not be restored.

Session expired

The server has moved on; the page needs a fresh start.